 Dungeon Crawl Stone Soup version 0.23-a0-701-gd76f34b (webtiles) character file.

237003 emperorscorpion the Peltast (level 19, -28/150 HPs)
             Began as a Formicid Fighter on Jan 12, 2019.
             Was a High Priest of Cheibriados.
             Annihilated by an enormous slime creature (54 damage)
             ... on level 4 of the Pits of Slime.
             The game lasted 01:25:04 (23549 turns).

emperorscorpion the Peltast (Formicid Fighter)     Turns: 23549, Time: 01:25:04

Health: -28/150    AC: 24    Str: 45    XL:     19   Next: 99%
Magic:  18/30      EV: 11    Int: 25    God:    Cheibriados [*****.]
Gold:   1829       SH: 37    Dex: 24    Spells: 20/26 levels left

rFire    . . .     SeeInvis +   y - +3 great sword (vamp)
rCold    . . .     Gourm    .   X - +18 shield of the Gong {rElec rN+ MR+ EV-5}
rNeg     + + .     Faith    .   s - +4 plate armour
rPois    +         Spirit   .   (helmet unavailable)
rElec    +         Reflect  .   U - +0 cloak {MR+}
rCorr    .         Harm     .   i - +2 pair of gloves
MR       +++..                  W - +0 pair of boots of Tooruhonomm {rN+} (curse)
Stlth    ..........             p - amulet of regeneration
HPRegen  0.75/turn              k - +5 ring of strength
MPRegen  0.22/turn              n - +4 ring of evasion

@: corroded, very slow
A: permanent stasis, dig shafts and tunnels, four strong arms, antennae 3,
yellow scales 1, poison resistance
}: 2/15 runes: serpentine, barnacled
a: Dig, Shaft Self, Bend Time, Temporal Distortion, Slouch, Step From Time,
Renounce Religion


You were on level 4 of the Pits of Slime.
You worshipped Cheibriados.
Cheibriados was extremely pleased with you.
You were near starving.

You visited 6 branches of the dungeon, and saw 34 of its levels.
You visited the Abyss 2 times.
You also visited: Gauntlet and Ice Cave.

You collected 1829 gold pieces.

Inventory:

Hand Weapons
 y - a +3 vampiric great sword (weapon)
Missiles
 t - 57 steel javelins (quivered)
 x - 37 poisoned javelins
 J - 30 javelins of returning
 N - 6 throwing nets
 O - 8 silver javelins
 Y - 26 javelins of penetration
Armour
 i - a +2 pair of gloves (worn)
 s - a +4 plate armour (worn)
 T - a scarf of spirit shield
 U - a +0 cloak of magic resistance (worn)
 W - the cursed +0 pair of boots of Tooruhonomm (worn) {rN+}
   (You found it in an ice cave)

   It protects you from negative energy.
   It has a curse placed upon it.
 X - the +18 shield of the Gong (worn) {rElec rN+ MR+ EV-5}
   (You found it in an ice cave)

   It affects your evasion (-5).
   It insulates you from electricity.
   It protects you from negative energy.
   It affects your resistance to hostile enchantments.
Jewellery
 b - an uncursed ring of protection from magic
 c - the ring of Xeot {Ice *Slow rN+ Str+2 Slay+3}
   (You found it on level 4 of the Shoals)

   [ring of ice]

   It enhances your ice magic.
   It affects your strength (+2).
   It affects your accuracy and damage with ranged weapons and melee attacks
   (+3).
   It makes you vulnerable to fire.
   It protects you from cold.
   It protects you from negative energy.
   It may slow you when you take damage.
 h - the amulet of the Villain {+Rage +Inv rF- rC+}
   (You found it in a Gauntlet)

   [amulet of rage]

   It makes you vulnerable to fire.
   It protects you from cold.
   It lets you turn invisible.
   It lets you go berserk.
 k - a +5 ring of strength (left hand)
 n - a +4 ring of evasion (right hand)
 p - an amulet of regeneration (around neck)
 r - an uncursed ring of wizardry
 E - the ring "Qoxuxtaitt" {rPois AC+5 Int+5 Slay-6}
   (You found it in a Gauntlet)

   [ring of protection]

   It affects your AC (+5).
   It affects your intelligence (+5).
   It affects your accuracy and damage with ranged weapons and melee attacks
   (-6).
   It protects you from poison.
 I - an uncursed ring of protection from magic
 L - an uncursed ring of flight {unknown}
 M - an uncursed ring of wizardry
 P - an uncursed ring of fire
Wands
 j - a wand of iceblast (8)
 l - a wand of acid (1)
 S - a wand of digging (7)
Scrolls
 a - 2 scrolls of fog
 g - 22 scrolls of remove curse
 m - 2 scrolls of identify
 o - a scroll of amnesia
 v - 6 scrolls of magic mapping
 C - 2 scrolls of enchant armour
 Z - 2 scrolls of brand weapon
Potions
 d - a potion of magic
 e - a potion of brilliance
 q - 4 potions of agility
 u - 5 potions of heal wounds
 z - a potion of resistance
 D - 6 potions of flight
 F - 5 potions of mutation
 G - 3 potions of lignification
 H - 4 potions of curing
 Q - 2 potions of invisibility
 R - 2 potions of ambrosia
Miscellaneous
 w - a crystal ball of energy
 A - a box of beasts
 B - a phial of floods
 K - a phial of floods
 V - a lamp of fire
Comestibles
 f - 33 rations


   Skills:
 + Level 13.4 Fighting
 + Level 18.9 Long Blades
 + Level 1.3 Throwing
 + Level 12.1 Armour
 + Level 3.1 Dodging
 - Level 1.3 Stealth
 + Level 19.8 Shields
 - Level 4.2 Spellcasting
 - Level 4.2 Transmutations
 - Level 4.2 Earth Magic
 * Level 14.7 Invocations
 + Level 0.4 Evocations


You had 20 spell levels left.
You knew the following spells:

 Your Spells              Type           Power        Failure   Level  Hunger
a - Statue Form           Tmut/Erth      ####.....    100%        6    #######

Your spell library contained the following spells:

 Spells                   Type           Power        Failure   Level  Hunger
 Beastly Appendage        Tmut           ####..       5%          1    None
 Sticks to Snakes         Tmut           ####....     9%          2    None
 Animate Skeleton         Necr           N/A          32%         1    None
 Apportation              Tloc           #.....       32%         1    None
 Confusing Touch          Hex            #.....       32%         1    None
 Magic Dart               Conj           #...         32%         1    None
 Summon Small Mammal      Summ           #...         32%         1    None
 Spider Form              Tmut/Pois      ###.......   36%         3    ##.....
 Poisonous Vapours        Pois/Air       #.....       43%         2    None
 Searing Ray              Conj           #.....       43%         2    None
 Ignite Poison            Fire/Tmut/Pois ##......     47%         3    ##.....
 Petrify                  Tmut/Erth      ####....     50%         4    ####...
 Confuse                  Hex            #.......     67%         3    ##.....
 Conjure Flame            Conj/Fire      #.......     67%         3    ##.....
 Dazzling Spray           Conj/Hex       #.....       67%         3    ##.....
 Gell's Gravitas          Tloc           #.........   67%         3    ##.....
 Mephitic Cloud           Conj/Pois/Air  #.......     67%         3    ##.....
 Ice Form                 Ice/Tmut       ###.....     78%         4    ####...
 Blade Hands              Tmut           ####......   83%         5    #####..
 Force Lance              Conj/Tloc      #.......     97%         4    ####...
 Fulminant Prism          Conj/Hex       #.........   97%         4    ####...
 Iskenderun's Mystic Bla  Conj           #.......     97%         4    ####...
 Irradiate                Conj/Tmut      ###.......   98%         5    #####..
 Yara's Violent Unravell  Hex/Tmut       ###.......   98%         5    #####..
 Fireball                 Conj/Fire      #.........   100%        5    #####..
 Metabolic Englaciation   Hex/Ice        #.........   100%        5    #####..
 Bolt of Fire             Conj/Fire      #.........   100%        6    #######
 Freezing Cloud           Conj/Ice/Air   #.........   100%        6    #######
 Hydra Form               Tmut           ####......   100%        6    #######
 Dragon Form              Tmut           ####......   100%        7    #######
 Ring of Flames           Chrm/Fire      #.........   100%        7    #######
 Ignition                 Fire           #.........   100%        8    #######


Dungeon Overview and Level Annotations

Branches:
Dungeon (15/15)            Temple (1/1) D:7            Lair (6/6) D:9
 Shoals (4/4) Lair:3        Snake (4/4) Lair:4        Slime (5/5) Lair:5
    Orc (0/2) D:10         Vaults (0/5) D:14         Depths (0/5) D:15

Altars:
Ashenzari
Cheibriados
Dithmenos
Elyvilon
Fedhas
Gozag
Hepliaklqana
Kikubaaqudgha
Makhleb
Nemelex Xobeh
Okawaru
Qazlal
Ru
Sif Muna
Trog
Uskayaw
Vehumet
Wu Jian
Xom
Yredelemnul
Zin
The Shining One

Shops:
D:10 (   D:11 ?   D:12 :   Snake:4 (

Annotations:
Shoals:3 exclusion: oklob plant


Innate Abilities, Weirdness & Mutations

You cannot be hasted, slowed, berserked, paralysed or teleported.
You can dig through walls and to a lower floor.
Your four strong arms can wield two-handed weapons with a shield.
You have a pair of large antennae on your head. (SInv)
You are partially covered in yellow scales. (AC +2)
Your system is resistant to poisons. (rPois)


Message History

You block the azure jelly's attack.
GONNNNG!
The azure jelly hits you but does no damage.
The slime creature hits you!
* * * LOW HITPOINT WARNING * * *
Unknown command.
You can feel time thicken for a moment.
You kill the slime creature!
Cheibriados appreciates the change of pace.
You feel somewhat more hungry.
Cheibriados lowers the support of your attributes as your movement quickens.
You block the azure jelly's attack.
BONNNG!
The azure jelly hits you but does no damage.
You block the azure jelly's attack.
GONNNNG!
You block the azure jelly's attack.
GONNNNG!
The enormous slime creature hits you!!!
You die...

##....##.....
###.#..........
..............#
........^.....#
...........#.#
............##
.......JJ....#
......J@J<...#
##....J.J...#..
##........#.#
###........
...........
.....#......
.....#.......
#....# #.##.#.


You could see 2 azure jellies, an enormous slime creature, a large slime
creature and 2 slime creatures.

Vanquished Creatures
  Vashnia (Snake:3)
  An acid blob (Slime:4)
  Agnes (D:14)
  A draconian stormcaller (Abyss:2)
  8 nagarajas
  Louise (Snake:3)
  A balrug (Abyss:3)
  The ghost of ZZKoverts the Severer, a journeyman MiBe of Trog (D:14)
  2 minotaurs
  A blizzard demon (Abyss:3)
  12 merfolk javelineers
  9 merfolk impalers
  A green death (Gauntlet)
  A fire dragon (Lair:6)
  4 vault guards (D:14)
  18 naga warriors
  7 hydras
  An ice dragon (Lair:6)
  A catoblepas (Lair:6)
  5 merfolk avatars
  6 anacondas
  2 centaur warriors
  2 merfolk aquamancers
  3 satyrs
  2 death knights (D:15)
  4 tengu warriors
  3 alligator snapping turtles (Shoals:4)
  7 two-headed ogres
  5 death yaks (Lair:6)
  13 naga sharpshooters
  Nergalle (D:10)
  4 shock serpents
  A wretched star (Abyss:3)
  2 sixfirhies
  2 shadow wraiths
  A salamander mystic (Snake:1)
  5 skeletal warriors (D:15)
  3 unseen horrors
  12 sea snakes
  The ghost of Lanoc the Grappler, a novice TrMo of Qazlal (D:7)
  A sea snake (shapeshifter) (D:15)
  A glowing orange brain (Abyss:3)
  3 wizards
  2 lindwurms (Lair:6)
  2 necromancers
  2 orc knights (D:14)
  24 harpies
  2 ugly things (D:11)
  6 mana vipers
  3 cyclopes
  8 manticores
  14 fauns
  5 salamanders
  A moth of wrath (D:14)
  13 elephants
  2 ice statues (IceCv)
  Maurice (D:10)
  3 deep elf magi
  6 guardian serpents
  A merfolk siren (Shoals:1)
  2 centaur zombies
  2 water nymphs (Shoals:4)
  18 naga magi
  An orange demon (Gauntlet)
  2 smoke demons
  25 black mambas
  2 gargoyles
  A storm dragon simulacrum (Abyss:3)
  2 molten gargoyles (Lair:6)
  A torpor snail (Gauntlet)
  4 spiny frogs
  A minotaur zombie (Gauntlet)
  A kobold demonologist (D:15)
  6 ice devils (IceCv)
  4 komodo dragons
  5 freezing wraiths (D:15)
  3 trolls
  2 tengu conjurers (D:15)
  3 ancient zymes
  4 meliai
  2 large abominations (Abyss:3)
  2 polar bears
  A wolf spider simulacrum (D:14)
  36 merfolk
  A wind drake (Shoals:4)
  A hornet (D:15)
  A meliai zombie (D:14)
  9 slime creatures
  9 raiju
  8 hippogriffs
  18 blink frogs
  9 snapping turtles
  12 starcursed masses
  A centaur simulacrum (D:15)
  13 dream sheep
  A vampire (D:13)
  Sigmund (D:5)
  A shadow (Abyss:3)
  A ynoxinul (Abyss:3)
  2 wraiths (D:15)
  7 humans (D:14)
  9 water elementals
  7 wyverns
  5 basilisks
  59 yaks
  A chaos spawn (Abyss:2)
  8 vampire mosquitoes
  A steam dragon (Lair:6)
  2 hungry ghosts
  54 nagas
  Duvessa (D:4)
  6 porcupines
  13 water moccasins
  5 hell hounds (Lair:6)
  2 hornet zombies
  5 orc warriors
  2 ice beasts
  7 sky beasts
  7 ogres
  10 wolves
  10 crocodiles
  27 centaurs
  3 small abominations (Abyss:3)
  3 big kobolds
  Blork the orc (D:4)
  13 bullfrogs
  Dowan (D:4)
  6 scorpions
  3 killer bees (D:10)
  4 howler monkeys
  6 crimson imps
  4 jellies
  5 lava snakes (Lair:6)
  3 quasits
  3 orc priests
  8 hounds
  11 orc wizards
  3 draconian simulacra (IceCv)
  Crazy Yiuf (D:4)
  A bullfrog skeleton (D:6)
  6 centaur skeletons
  3 iguanas
  Ijyb (D:4)
  A spriggan simulacrum (IceCv)
  16 worker ants
  2 howler monkey zombies
  8 adders
  4 gnolls (D:5)
  2 naga simulacra (IceCv)
  4 ogre simulacra (IceCv)
  3 shadow imps
  19 white imps
  6 oozes
  An adder zombie (D:8)
  An adder skeleton (D:10)
  3 worms
  4 dart slugs
  3 leopard geckos
  41 orcs
  8 bats
  5 giant cockroaches
  9 hobgoblins
  5 jackals
  15 kobolds
  4 quokkas
  3 frilled lizards
  4 goblins
  3 kobold skeletons (D:7)
  A kobold zombie (D:7)
  A leopard gecko skeleton (D:4)
  3 orc skeletons (D:7)
  An orc zombie (D:7)
  A quokka skeleton (D:4)
  5 rats
997 creatures vanquished.

Vanquished Creatures (collateral kills)
  A sea snake (Snake:4)
  An ice statue (IceCv)
2 creatures vanquished.

Vanquished Creatures (others)
  A merfolk javelineer (Shoals:4)
  A vault guard (D:14)
  A water nymph (Shoals:1)
  A porcupine (Lair:5)
  A bush (Lair:5)
  15 fungi
  15 plants
35 creatures vanquished.

Grand Total: 1034 creatures vanquished

Notes
Turn   | Place    | Note
-------+----------+-------------------------------------------
     0 | D:1      | emperorscorpion the Formicid Fighter began the quest for
                  | the Orb.
     0 | D:1      | Reached XP level 1. HP: 18/18 MP: 1/1
    60 | D:1      | Reached XP level 2. HP: 18/24 MP: 2/2
   307 | D:1      | Reached XP level 3. HP: 30/30 MP: 3/3
   353 | D:1      | Reached skill level 4 in Shields
  1156 | D:2      | You fall through a shaft for 2 floors!
  1156 | D:4      | Noticed Ijyb
  1158 | D:4      | Found a deep blue altar of Sif Muna.
  1165 | D:4      | Gained mutation: Your system is resistant to poisons.
                  | (rPois) [potion of mutation]
  1165 | D:4      | Gained mutation: You are partially covered in yellow
                  | scales. (AC +2) [potion of mutation]
  1173 | D:4      | Reached XP level 4. HP: 22/37 MP: 4/4
  1190 | D:4      | Killed Ijyb
  1194 | D:4      | You fall through a shaft!
  1194 | D:5      | Entered Level 5 of the Dungeon
  1208 | D:5      | Reached XP level 5. HP: 15/42 MP: 5/5
  1492 | D:5      | Reached XP level 6. HP: 42/48 MP: 6/6
  1569 | D:5      | Noticed Sigmund
  1590 | D:5      | Killed Sigmund
  1590 | D:5      | Reached skill level 1 in Dodging
  1590 | D:5      | Reached skill level 5 in Shields
  1590 | D:5      | Reached XP level 7. HP: 36/55 MP: 7/7
  2668 | D:3      | Reached skill level 5 in Armour
  2856 | D:3      | Reached skill level 5 in Long Blades
  3173 | D:4      | Found a radiant altar of Vehumet.
  3203 | D:4      | Noticed Dowan
  3203 | D:4      | Noticed Duvessa
  3222 | D:4      | Reached skill level 6 in Shields
  3232 | D:4      | Killed Duvessa
  3232 | D:4      | Reached XP level 8. HP: 58/61 MP: 8/8
  3236 | D:4      | You fall through a shaft for 2 floors!
  3331 | D:6      | Reached skill level 5 in Fighting
  3376 | D:5      | Found a white marble altar of Elyvilon.
  3392 | D:4      | Noticed Blork the orc
  3406 | D:4      | Killed Blork the orc
  3451 | D:4      | Found a sparkling altar of Nemelex Xobeh.
  3562 | D:4      | Killed Dowan
  3562 | D:4      | Reached skill level 7 in Shields
  3708 | D:4      | Reached XP level 9. HP: 69/69 MP: 9/9
  3725 | D:4      | Found a runed door.
  3729 | D:4      | Noticed Crazy Yiuf
  3738 | D:4      | Killed Crazy Yiuf
  4775 | D:6      | Found an iron altar of Okawaru.
  5244 | D:6      | Found a stormy altar of Qazlal.
  5549 | D:7      | Reached skill level 8 in Shields
  5597 | D:7      | Found a transporter.
  5597 | D:7      | Noticed Lanoc's ghost (novice TrMo)
  5598 | D:7      | Found a transporter.
  5599 | D:7      | Noticed a two-headed ogre
  5635 | D:7      | Found a stormy altar of Qazlal.
  5792 | D:7      | Found a staircase to the Ecumenical Temple.
  5800 | Temple   | Entered the Ecumenical Temple
  5949 | D:7      | Found a burning altar of Makhleb.
  6024 | Temple   | Became a worshipper of Cheibriados the Contemplative
  6081 | D:7      | Found a glowing golden altar of the Shining One.
  6504 | D:8      | Reached * piety under Cheibriados
  6579 | D:8      | Found a shadowy altar of Dithmenos.
  6619 | D:8      | Found a hazy altar of Hepliaklqana.
  6676 | D:8      | Reached XP level 10. HP: 77/77 MP: 10/10
  6700 | D:8      | Found an opulent altar of Gozag.
  6706 | D:8      | Found a shimmering altar of Xom.
  6920 | D:9      | Found a basalt altar of Yredelemnul.
  6936 | D:9      | Noticed a two-headed ogre
  6947 | D:9      | Killed a two-headed ogre
  6947 | D:9      | Reached skill level 9 in Shields
  6965 | D:9      | Noticed a two-headed ogre
  6983 | D:9      | Killed a two-headed ogre
  6983 | D:9      | Reached skill level 10 in Long Blades
  6983 | D:9      | Reached skill level 1 in Stealth
  7019 | D:9      | Found a staircase to the Lair.
  7282 | D:9      | Identified a scroll of acquirement
  7480 | D:7      | Killed a two-headed ogre
  7491 | D:7      | Killed Lanoc's ghost
  7491 | D:7      | Reached skill level 10 in Shields
  7491 | D:7      | Reached XP level 11. HP: 16/84 MP: 11/11
  7614 | D:10     | Entered Level 10 of the Dungeon
  7622 | D:10     | Noticed an unseen horror
  7636 | D:10     | Reached ** piety under Cheibriados
  7640 | D:10     | Killed an unseen horror
  7738 | D:10     | Found Focyzo's Antique Weapon Emporium.
  7749 | D:10     | Found a staircase to the Orcish Mines.
  7844 | D:10     | Noticed Nergalle
  7854 | D:10     | Killed Nergalle
  7859 | D:10     | Noticed Maurice
  7873 | D:10     | Killed Maurice
  8124 | D:10     | Found a sparkling altar of Nemelex Xobeh.
  8146 | D:10     | Reached *** piety under Cheibriados
  8329 | D:11     | Noticed a green ugly thing
  8343 | D:11     | Killed a green ugly thing
  8411 | D:11     | Noticed a brown ugly thing
  8421 | D:11     | Killed a brown ugly thing
  8436 | D:11     | Reached XP level 12. HP: 93/94 MP: 12/12
  8475 | D:11     | Found Ynaotee's Magic Scroll Emporium.
  8755 | D:11     | Reached **** piety under Cheibriados
  8819 | D:11     | Reached skill level 11 in Shields
  9306 | D:12     | Reached ***** piety under Cheibriados
  9309 | D:12     | Noticed a two-headed ogre
  9318 | D:12     | Killed a two-headed ogre
  9380 | D:12     | Found a shadowy altar of Dithmenos.
  9465 | D:12     | Noticed an unseen horror
  9476 | D:12     | Killed an unseen horror
  9476 | D:12     | Reached skill level 12 in Shields
  9623 | D:12     | Found Nos Puha's Book Boutique.
  9737 | D:13     | Reached skill level 1 in Invocations
  9747 | D:13     | Noticed a centaur warrior
  9760 | D:13     | Killed a centaur warrior
  9938 | D:13     | Reached XP level 13. HP: 101/101 MP: 15/15
 10024 | D:13     | Noticed a seven-headed hydra
 10028 | D:13     | Killed a nine-headed hydra
 10599 | D:14     | Found a transporter.
 10601 | D:14     | Found a transporter.
 10601 | D:14     | Identified the +4 morningstar "Hej Guefu" {elec, MR+}
 10604 | D:14     | Identified the +6 scimitar "Sacia" {drain, Str+4}
 10605 | D:14     | Noticed ZZKoverts's ghost (journeyman MiBe)
 10606 | D:14     | Found a bloodstained altar of Trog.
 10679 | D:14     | Killed a vault guard
 10795 | D:14     | Noticed Agnes
 10804 | D:14     | Killed Agnes
 11111 | D:14     | Reached ****** piety under Cheibriados
 11155 | D:14     | You fall through a shaft!
 11155 | D:15     | Entered Level 15 of the Dungeon
 11184 | D:15     | Reached skill level 5 in Invocations
 11201 | D:15     | Noticed a centaur warrior
 11218 | D:15     | Killed a centaur warrior
 11228 | D:15     | Reached skill level 13 in Shields
 11315 | D:15     | Cast into level 2 of the Abyss (a wizard)
 11355 | Abyss:2  | Reached skill level 10 in Fighting
 11362 | Abyss:2  | Noticed a starcursed mass
 11380 | Abyss:2  | Killed a starcursed mass
 11493 | Abyss:2  | Noticed a yellow draconian stormcaller
 11501 | Abyss:2  | Killed a yellow draconian stormcaller
 11501 | Abyss:2  | Reached XP level 14. HP: 110/110 MP: 18/18
 11506 | D:15     | Escaped the Abyss
 11508 | D:15     | Reached skill level 15 in Long Blades
 11518 | D:15     | Found a staircase to the Depths.
 12079 | D:15     | Learned a level 6 spell: Statue Form
 12328 | D:15     | Reached skill level 1 in Transmutations
 12513 | D:15     | Cast into level 3 of the Abyss (a wizard)
 12515 | Abyss:3  | Found a corrupted altar of Lugonu.
 12541 | Abyss:3  | Noticed a tentacled starspawn
 12567 | Abyss:3  | Reached skill level 1 in Spellcasting
 12567 | Abyss:3  | Reached skill level 1 in Earth Magic
 12669 | Abyss:3  | Found a corrupted altar of Lugonu.
 12743 | Abyss:3  | Noticed a starcursed mass
 12764 | Abyss:3  | Reached skill level 14 in Shields
 12843 | Abyss:3  | Noticed a starcursed mass
 12984 | Abyss:3  | Reached XP level 15. HP: 64/117 MP: 21/21
 12994 | Abyss:3  | Noticed a balrug
 13008 | Abyss:3  | Killed a balrug
 13013 | D:15     | Escaped the Abyss
 13270 | D:14     | Found a gate to the Vaults.
 13556 | D:14     | You fall through a shaft!
 13678 | D:14     | Killed ZZKoverts's ghost
 13946 | Lair:1   | Entered Level 1 of the Lair of Beasts
 13974 | Lair:1   | Found a frozen archway.
 14016 | IceCv    | Entered an ice cave
 14374 | IceCv    | Found the +18 shield of the Gong {rElec rN+ MR+ EV-5}
 14377 | IceCv    | Got a pair of brightly glowing boots
 14395 | IceCv    | Identified the cursed +0 pair of boots of Tooruhonomm {rN+}
                  | (You found it in an ice cave)
 14758 | Lair:1   | Found a burning altar of Makhleb.
 14830 | Lair:1   | You fall through a shaft!
 16015 | Lair:3   | Found a staircase to the Shoals.
 16409 | Lair:4   | Found a staircase to the Snake Pit.
 16431 | Lair:4   | Reached skill level 10 in Armour
 16455 | Lair:4   | Found a gate leading to a gauntlet.
 16475 | Gauntlet | Entered a Gauntlet
 16475 | Gauntlet | Found a transporter.
 16475 | Gauntlet | Found a transporter.
 16495 | Gauntlet | Found a transporter.
 16499 | Gauntlet | Found a transporter.
 16509 | Gauntlet | Found a transporter.
 16513 | Gauntlet | Found a transporter.
 16523 | Gauntlet | Found a transporter.
 16540 | Gauntlet | Found a large runed translucent door.
 16541 | Gauntlet | Found a large runed translucent door.
 16542 | Gauntlet | Found a large runed translucent door.
 16542 | Gauntlet | Found a large runed translucent door.
 16543 | Gauntlet | Found a runed translucent gate.
 16544 | Gauntlet | Found a large runed translucent door.
 16544 | Gauntlet | Found a large runed translucent door.
 16544 | Gauntlet | Found a runed translucent door.
 16545 | Gauntlet | Found a large runed translucent door.
 16546 | Gauntlet | Found a large runed translucent door.
 16567 | Gauntlet | Found a transporter.
 16567 | Gauntlet | Found a transporter.
 16610 | Gauntlet | Found a transporter.
 16614 | Gauntlet | Found a transporter.
 16616 | Gauntlet | Found a large runed translucent door.
 16617 | Gauntlet | Found a large runed translucent door.
 16618 | Gauntlet | Found a large runed translucent door.
 16618 | Gauntlet | Found a large runed translucent door.
 16618 | Gauntlet | Found a runed translucent door.
 16619 | Gauntlet | Found a large runed translucent door.
 16620 | Gauntlet | Found a large runed translucent door.
 16621 | Gauntlet | Found a large runed translucent door.
 16621 | Gauntlet | Found a large runed translucent door.
 16622 | Gauntlet | Found a runed translucent gate.
 16622 | Gauntlet | Found a runed translucent gate.
 16624 | Gauntlet | Found a transporter.
 16744 | Gauntlet | Reached XP level 16. HP: 114/125 MP: 23/23
 16759 | Gauntlet | Got a fine silver amulet
 16760 | Gauntlet | Identified the amulet of the Villain {+Rage +Inv rF- rC+}
                  | (You found it in a Gauntlet)
 16777 | Gauntlet | Reached skill level 15 in Shields
 16807 | Gauntlet | Got a brightly glowing golden ring
 16811 | Gauntlet | Identified the ring "Qoxuxtaitt" {rPois AC+5 Int+5 Slay-6}
                  | (You found it in a Gauntlet)
 16995 | Lair:4   | You fall through a shaft for 2 floors!
 16995 | Lair:6   | Entered Level 6 of the Lair of Beasts
 17272 | Lair:6   | Reached skill level 10 in Invocations
 17967 | Lair:6   | Found a large runed door.
 17967 | Lair:6   | Found a large runed door.
 18698 | Lair:5   | Found a staircase to the Slime Pits.
 19041 | Lair:4   | Reached skill level 16 in Shields
 19086 | Snake:1  | Entered Level 1 of the Snake Pit
 19091 | Snake:1  | You fall through a shaft!
 19094 | Snake:2  | You fall through a shaft!
 19094 | Snake:3  | Noticed Louise
 19097 | Snake:3  | You fall through a shaft!
 19097 | Snake:4  | Entered Level 4 of the Snake Pit
 19127 | Snake:4  | Reached XP level 17. HP: 133/133 MP: 25/25
 19390 | Snake:4  | Found Erytrean's Weapon Shop.
 19727 | Snake:3  | Reached skill level 17 in Shields
 19780 | Snake:3  | Killed Louise
 19952 | Snake:4  | Reached XP level 18. HP: 141/141 MP: 27/27
 20346 | Snake:4  | Got a serpentine rune of Zot
 20464 | Snake:2  | Noticed Vashnia
 20485 | Snake:2  | You fall through a shaft!
 20700 | Snake:3  | Killed Vashnia
 20795 | Snake:1  | Reached skill level 18 in Shields
 20928 | Shoals:1 | Entered Level 1 of the Shoals
 21518 | Shoals:2 | You fall through a shaft!
 21521 | Shoals:3 | You fall through a shaft!
 21521 | Shoals:4 | Entered Level 4 of the Shoals
 21535 | Shoals:4 | Reached skill level 1 in Throwing
 21578 | Shoals:4 | Reached XP level 19. HP: 143/148 MP: 29/29
 21764 | Shoals:4 | Reached skill level 19 in Shields
 22093 | Shoals:4 | Got a barnacled rune of Zot
 22273 | Shoals:4 | Identified the +1 plate armour "Hyotwudu" {rElec rF+}
 22306 | Shoals:3 | You fall through a shaft!
 22370 | Shoals:4 | Identified the ring of Xeot {Ice *Slow rN+ Str+2 Slay+3}
                  | (You found it on level 4 of the Shoals)
 23105 | Shoals:3 | Found a radiant altar of Vehumet.
 23507 | Slime:1  | Entered Level 1 of the Pits of Slime
 23511 | Slime:1  | You fall through a shaft!
 23514 | Slime:2  | You fall through a shaft for 2 floors!
 23517 | Slime:4  | You fall through a shaft!
 23517 | Slime:5  | Entered Level 5 of the Pits of Slime
 23549 | Slime:4  | Annihilated by an enormous slime creature

Vault maps used:
D:1:      dpeg_arrival_signposts, minmay_pentomino_r4
D:2:      minmay_splitting_lines
D:4:      nemelex_xobeh_ov_fountains_minmay, led_sif_pool, marbit_many_paths,
          enter_ossuary_2, first_ration, minivault_27, uniq_duvessa, uniq_ijyb,
          uniq_crazy_yiuf_cottage, uniq_blork_the_orc
D:5:      minmay_clustersquares, kennysheep_little_box, uniq_sigmund
D:6:      kennysheep_mini, basic_altar, st_stairs_14
D:7:      nicolae_tso_besieged_by_evil, nicolae_qazlal_eye_of_the_storm,
          bloody_makhleb, minmay_temple_entry_glassed_door,
          gammafunk_ghost_smash
D:8:      overflow_temple_1_default, lemuel_doored_altar, old_standard_altar,
          nicolae_overflow_hidden_temple
D:9:      lemuel_crystal_altar, lair_entry_dummy
D:10:     orc_david_3, serial_shops, nicolae_shop_waterfront,
          hangedman_fish_farm, lemuel_centaur_altar, uniq_maurice, uniq_nergalle
D:11:     serial_shops, nicolae_shop_trees, basic_loot_grate_trap
D:12:     serial_shops, shop, nicolae_dithmenos_the_darkroom
D:13:     st_stairs_7, minmay_misc_feat_room
D:14:     ximxim_vaults_locker_room, gammafunk_ghost_wrathful_warriors,
          uniq_agnes
D:15:     grunt_enter_depths_magical_seal, minmay_circle_x
Temple:   nicolae_temple_figure_zero
Lair:1:   portal_ice_cave_entry_imps, basic_altar, lemuel_fruit_fields,
          grunt_megastairs_3
Lair:3:   minmay_shoals_entry_beasts, infiniplex_staircase_pool_2,
          lemuel_fruit_tree
Lair:4:   minmay_snake_entry_spellcaster, gauntlet_entry_generic,
          grunt_megastairs_4
Lair:5:   nicolae_slime_entry_slimehenge, beast_lair_carwin_1,
          infiniplex_staircase_pool
Lair:6:   cheibrodos_lair_end_hotspot, bobbens_ice_dragon_lair
Shoals:1: regret_index_shoals_crete
Shoals:2: serial_shops, nicolae_shop_window_shopping
Shoals:3: lemuel_oklob_altar
Shoals:4: shoals_end_simple
Snake:2:  st_stairs_8, serial_bayou_pond_a, spider_trap, serial_bayou_crossing,
          uniq_roxanne, uniq_vashnia
Snake:3:  nicolae_snake_linked_coils, grunt_ministairs_3, uniq_nikola,
          uniq_louise
Snake:4:  grunt_snake_rune_pools, serial_shops, nicolae_shop_stone
Slime:1:  cheibrodos_slime_lost_civilization_7
Abyss:3:  lemuel_flamethrower_2, evilmike_nicolae_abyss_rune_containment_curve
IceCv:    ice_cave_tombish
Gauntlet: gammafunk_gauntlet_hard_choice

Skill      XL: |  1  2  3  4  5  6  7  8  9 10 11 12 13 14 15 16 17 18 19 |
---------------+----------------------------------------------------------+-----
Shields        | 4 5 6 7 8 10 12 13 14 16 17 18 19 | 19.8
Armour         | 4 5 7 8 9 10 11 12 | 12.1
Long Blades    | 3 4 5 7 9 10 12 13 14 15 16 17 18 | 18.9
Fighting       | 4 5 6 7 8 9 10 11 12 13 | 13.4
Dodging        | 1 2 3 |  3.1
Stealth        | 1 |  1.3
Invocations    | 3 6 8 9 11 12 13 14 | 14.7
Transmutations | 2 4 |  4.2
Spellcasting   | 2 4 |  4.2
Earth Magic    | 1 4 |  4.2
Throwing       | 1 |  1.3
Evocations     | |  0.4

Action                   |  1- 3 |  4- 6 |  7- 9 | 10-12 | 13-15 | 16-18 | 19-21 || total
-------------------------+-------+-------+-------+-------+-------+-------+-------++-------
Melee: Long sword        |   127 |    90 |   457 |    64 |       |       |       ||   738
       Great sword       |       |       |       |   390 |   926 |  1359 |   458 ||  3133
Throw: Javelin           |       |       |       |       |       |    19 |    21 ||    40
Invok: Slouch            |       |       |       |       |     5 |     5 |    11 ||    21
 Abil: Dig               |     1 |     4 |     4 |    12 |    10 |    25 |     5 ||    61
       Shaft Self        |       |     1 |     1 |       |     1 |     6 |     4 ||    13
Evoke: Wand              |       |       |       |       |     4 |     2 |     7 ||    13
       Lamp of fire      |       |       |       |       |       |       |     1 ||     1
  Use: Potion            |     4 |       |       |       |     2 |     1 |     1 ||     8
       Scroll            |       |       |    10 |    15 |    13 |    10 |     4 ||    52
 Stab: Distracted        |       |       |       |       |     2 |     1 |       ||     3
       Paralysed         |       |       |       |       |     2 |       |       ||     2
  Eat: Chunk             |     1 |     2 |    18 |     9 |    11 |     7 |     7 ||    55
       Ration            |       |       |       |     2 |     2 |     2 |       ||     6
Armor: Scale mail        |    77 |    39 |    31 |       |       |       |       ||   147
       Plate armour      |       |       |   102 |   166 |   333 |   369 |   279 ||  1249
Dodge: Dodged            |    44 |    33 |   154 |   208 |   291 |   247 |   185 ||  1162
Block: Shield            |    59 |    58 |   237 |   386 |   938 |  2179 |  1250 ||  5107
       Rpst.: Long sword |    10 |     8 |    54 |     6 |       |       |       ||    78
       Great sword       |       |       |       |    48 |    63 |    32 |    23 ||   166

Table legend:
 A = Non-vault XP
 B = Vault XP
 C = Vault XP percentage of total XP
 D = Non-vault monster count
 E = Vault monster count
 F = Vault count percentage of total count
                 A         B        C        D         E       F
            +---------+---------+-------+---------+---------+-------
      Total |  205197 |  129811 |  38.7 |     715 |     286 |  28.6
            +---------+---------+-------+---------+---------+-------
        D:1 |      57 |       7 |  10.9 |      27 |       3 |  10.0
        D:2 |      30 |       0 |   0.0 |       9 |       0 |   0.0
        D:3 |      90 |       0 |   0.0 |      15 |       0 |   0.0
        D:4 |     467 |     397 |  45.9 |      24 |       6 |  20.0
        D:5 |     567 |     501 |  46.9 |      17 |       8 |  32.0
        D:6 |     789 |      45 |   5.4 |      20 |       1 |   4.8
        D:7 |     625 |    1803 |  74.3 |      12 |      12 |  50.0
        D:8 |     338 |       0 |   0.0 |      15 |       0 |   0.0
        D:9 |    2749 |       0 |   0.0 |      12 |       0 |   0.0
       D:10 |    2689 |    2172 |  44.7 |      22 |       9 |  29.0
       D:11 |    5369 |       0 |   0.0 |      38 |       0 |   0.0
       D:12 |    5102 |       0 |   0.0 |      28 |       0 |   0.0
       D:13 |    6418 |     125 |   1.9 |      23 |       2 |   8.0
       D:14 |    1367 |   14674 |  91.5 |      15 |      21 |  58.3
       D:15 |   18899 |    5949 |  23.9 |      52 |      14 |  21.2
     Lair:1 |    3289 |     329 |   9.1 |      16 |      14 |  46.7
     Lair:2 |    3840 |       0 |   0.0 |      12 |       0 |   0.0
     Lair:3 |    8839 |    3183 |  26.5 |      37 |       9 |  19.6
     Lair:4 |    7327 |    1984 |  21.3 |      24 |       7 |  22.6
     Lair:5 |    7775 |    1408 |  15.3 |      25 |      12 |  32.4
     Lair:6 |   12982 |    7816 |  37.6 |      33 |      28 |  45.9
   Shoals:1 |    3679 |    4801 |  56.6 |       8 |       7 |  46.7
   Shoals:2 |     305 |       0 |   0.0 |       1 |       0 |   0.0
   Shoals:3 |   17952 |    2646 |  12.8 |      32 |       4 |  11.1
   Shoals:4 |   22703 |   25899 |  53.3 |      46 |      37 |  44.6
    Snake:1 |   14093 |       0 |   0.0 |      25 |       0 |   0.0
    Snake:2 |    6776 |     440 |   6.1 |      14 |       1 |   6.7
    Snake:3 |    7890 |    9526 |  54.7 |      15 |       4 |  21.1
    Snake:4 |   20614 |   36698 |  64.0 |      48 |      57 |  54.3
    Slime:4 |    3610 |       0 |   0.0 |       5 |       0 |   0.0
    Abyss:2 |    6182 |       0 |   0.0 |      12 |       0 |   0.0
    Abyss:3 |   11785 |       0 |   0.0 |      33 |       0 |   0.0
      IceCv |       0 |    4160 | 100.0 |       0 |      20 | 100.0
   Gauntlet |       0 |    5248 | 100.0 |       0 |      10 | 100.0
            +---------+---------+-------+---------+---------+-------
